Map: Orbital Shipyard

Players

Seijan

  • Race: Terran Terran
  • League: Bronze

A.I. 2 (Very Easy) - Winner!

  • Race: Zerg Zerg

VOD

Have the link to the VOD?

Description

Time

  • Played on: March 4, 2016, 9:13 a.m.
  • Length: 6:20
Show
View Real Time Build Order
Export as new Build Order

Seijan Terran 

Build Orders: Reaper Expand 

Get SALT Encoding   

  12  0:00  SCV  
  13  0:12  SCV  
  14  0:17  Supply Depot  
  14  0:24  SCV  
  15  0:39  Barracks, SCV  
  16  0:46  Refinery  
  16  0:51  SCV  
  17  1:04  SCV  
  18  1:19  SCV  
  19  1:29  Reaper  
  19  1:31  Orbital Command  
  20  1:39  Command Center  
  20  1:49  Supply Depot  
  19  3:33  Barracks  
  19  3:39  Barracks  
  19  4:15  Reaper  
  20  5:28  Barracks Tech Lab, Barracks Reactor x2  
Show
View Real Time Build Order
Export as new Build Order

A.I. 2 (Very Easy) Zerg - Winner!

Build Orders: Pool First 

Get SALT Encoding   

  12  0:00  Drone  
  13  0:12  Overlord  
  13  0:17  Drone  
  14  0:35  Spawning Pool  
  14  0:37  Extractor  
  14  0:39  Drone  
  13  0:46  Drone  
  14  0:51  Overlord  
  14  1:22  Zergling x2  
  14  1:23  Queen  
  17  1:31  Roach Warren  
  16  1:34  Drone  
  16  1:38  Extractor  
  16  1:42  Zergling x2  
  16  1:43  Drone  
  18  1:55  Drone  
  19  2:02  Zergling x2  
  19  2:06  Drone  
  21  2:17  Drone  
  22  2:27  Drone  
  22  2:29  Overlord  
  23  2:35  Drone  
  24  2:42  Drone  
  25  5:58  Roach, Drone  
  25  5:59  Overlord  
  28  6:04  Hatchery  
  28  6:05  Drone  
Tags
 
Add a new tag
Caveats
  • Supply blocks, unpowered buildings, or Contaminate may cause inaccurate times.
  • Supply counts are checked every 10 seconds.